Construct Section Command Post
Construct Platoon Command Post
Selects Air and Sea Battlegroup
Selects Commando Section Paradrop
Selects Commando Support Section Paradrop
6-pounder Anti-tank Gun Team
Construct Field Infirmary
6-pounder Anti-tank Gun Team
Commando Support Section Paradrop
Construct Company Command Post
Selects Centaur Medium Tank
Unlock M3 Grant Medium Tanks
Unlock Bishop Self-propelled Artillery
Bishop Self-propelled Artillery
Selects Anti-tank Rocket Loiter